 Dungeon Crawl Stone Soup version 0.20.0-4-g10b340a (webtiles) character file.

702 nikopol the Shield-Bearer (level 7, -4/44 HPs)
             Began as a Gargoyle Fighter on May 27, 2017.
             Killed by divine providence
             ... invoked by an orc priest
              (11 damage)
             ... on level 5 of the Dungeon.
             The game lasted 00:08:01 (4078 turns).

nikopol the Shield-Bearer (Gargoyle Fighter)        Turns: 4078, Time: 00:08:02

Health: -4/44      AC: 15    Str: 21    XL:     7   Next: 66%
Magic:  7/7        EV:  8    Int:  9    God:
Gold:   237        SH: 10    Dex:  9    Spells: 6/6 levels left

rFire    . . .     SeeInvis .   a - +0 war axe
rCold    . . .     Gourm    .   c - +0 shield
rNeg     + . .     Faith    .   b - +0 scale mail
rPois    ∞         Spirit   .   k - +1 hat {MR+}
rElec    +         Reflect  .   D - +0 cloak
rCorr    .         Harm     .   v - +0 pair of gloves
MR       +....                  (no boots)
Stlth    ..........             (no amulet)
Regen    0.2/turn               (no ring)
MPRegen  0.1/turn               (no ring)

@: no status effects
A: negative energy resistance 1, electricity resistance, unbreathing,
petrification resistance, rot immunity, AC +4
a: no special abilities


You were on level 5 of the Dungeon.
You were not hungry.

You visited 1 branch of the dungeon, and saw 5 of its levels.

You collected 237 gold pieces.

Inventory:

Hand Weapons
 a - a +0 war axe (weapon)
Armour
 b - a +0 scale mail (worn)
 c - a +0 shield (worn)
 k - a +1 hat of magic resistance (worn)
 r - a +2 ring mail of fire resistance
 v - a +0 pair of gloves (worn)
 D - a +0 cloak (worn)
Jewellery
 e - an uncursed ring of flight {unknown}
 h - an uncursed ring of protection from cold {unknown}
Wands
 i - a wand of confusion (26/48)
 E - a wand of flame (20/48)
Scrolls
 d - 2 scrolls of enchant armour {unknown}
 j - a scroll of immolation {unknown}
 l - a scroll of remove curse {unknown}
 p - 7 scrolls of identify {unknown}
 t - a scroll of fear {unknown}
 w - a scroll of recharging {unknown}
 y - a scroll of blinking {unknown}
 A - 2 scrolls of amnesia {unknown}
 F - a scroll of teleportation {unknown}
Potions
 g - a potion of flight {unknown}
 m - a potion of lignification {unknown}
 o - 2 potions of curing {unknown}
 q - 2 potions of heal wounds {unknown}
 s - a potion of haste {unknown}
 u - a potion of might
 z - a potion of degeneration {unknown}
 B - 3 potions of brilliance {unknown}
Books
 G - a book of Frost

   Spells                             Type                      Level
   a - Freeze                         Ice                          1
   b - Throw Frost                    Conjuration/Ice              2
   c - Ozocubu's Armour               Charms/Ice                   3
   d - Throw Icicle                   Conjuration/Ice              4
   e - Summon Ice Beast               Ice/Summoning                4
Comestibles
 f - 3 bread rations
 n - 3 royal jellies
 x - a meat ration


   Skills:
 + Level 4.6 Fighting
 + Level 4.8 Axes
 + Level 5.1 Armour
 + Level 1.0 Dodging
 + Level 5.5 Shields


You had 6 spell levels left.
You didn't know any spells.

Dungeon Overview and Level Annotations

Branches:
Dungeon (5/15)
 Temple: D:4-7

Altars:


Innate Abilities, Weirdness & Mutations

You are resistant to torment.
Your stone body is resilient. (AC +4)
You are immune to poison.
You resist negative energy. (rN+)
You are resistant to electric shocks. (rElec)
You can survive without breathing.
You are immune to petrification.
You are immune to rotting.


Message History

Something hits you but does no damage. The adder bites you.
* * * LOW HITPOINT WARNING * * *
The orc priest hits you with a mace.
* * * LOW HITPOINT WARNING * * *
You hit the orc priest.
The orc priest is moderately wounded.
You barely miss something. You barely miss the adder.
Something hits you but does no damage. You block the adder's attack.
You hear some strange, mumbled words.
A puff of flame appears from out of thin air!
You block the puff of flame. The orc priest completely misses you.
You slash the orc priest!
You kill the orc priest!
You miss the adder. You barely miss something.
The adder bites you but does no damage. You block the adder's attack.
You block something's attack. The adder bites you but does no damage.
The orc priest calls down the wrath of Beogh upon you.
Beogh smites you!
You die...

..#.. < .[.. ## ..
... ##. ... #..##..
.... ..... ..... ...
......#)#
.......$####### ###
...#.#)o.Z.S@.####.#
##......>..<..#
................#
#..##......######
##. #........ #
#.........
#..<...#### #......#
.......


You could see an orc priest, an adder and an adder skeleton.

Vanquished Creatures
  The ghost of Iflex the Poker, an amateur DsGl (D:3)
  A phantom (D:4)
  An ogre (D:4)
  A hound (D:4)
  An orc priest (D:5)
  An iguana (D:4)
  Ijyb (D:3)
  Natasha (D:1)
  An orc wizard (D:3)
  A hound zombie (D:5)
  Robin (D:2)
  8 adders
  3 gnolls (D:4)
  4 worms
  4 dart slugs
  5 leopard geckos
  10 orcs
  3 giant cockroaches (D:2)
  17 goblins
  9 hobgoblins
  4 jackals
  A ball python (D:4)
  6 bats
  A frilled lizard (D:2)
  9 kobolds
  7 rats
102 creatures vanquished.

Notes
Turn   | Place    | Note
-------+----------+-------------------------------------------
     0 | D:1      | nikopol the Gargoyle Fighter began the quest for the Orb.
     0 | D:1      | Reached XP level 1. HP: 14/14 MP: 1/1
   404 | D:1      | Reached XP level 2. HP: 19/19 MP: 2/2
   667 | D:2      | Noticed Natasha
   673 | D:2      | Reached XP level 3. HP: 21/23 MP: 3/3
   687 | D:1      | Killed Natasha
  1159 | D:2      | Reached XP level 4. HP: 29/29 MP: 4/4
  1498 | D:2      | Found a faded altar of an unknown god.
  1797 | D:2      | Reached XP level 5. HP: 32/33 MP: 5/5
  1863 | D:3      | Noticed Ijyb
  1889 | D:3      | Killed Ijyb
  2185 | D:3      | Noticed Iflex's ghost (amateur DsGl)
  2187 | D:3      | Noticed Robin
  2453 | D:2      | Killed Robin
  2532 | D:3      | Killed Iflex's ghost
  2532 | D:3      | Reached skill level 5 in Shields
  2532 | D:3      | Reached XP level 6. HP: 14/39 MP: 6/6
  3395 | D:4      | Noticed a phantom
  3426 | D:4      | Reached XP level 7. HP: 21/44 MP: 7/7
  3655 | D:4      | Reached skill level 5 in Armour
  4046 | D:5      | Entered Level 5 of the Dungeon
  4061 | D:5      | Reached skill level 1 in Dodging
  4078 | D:5      | Killed from afar by an orc priest

Skill      XL: |  1  2  3  4  5  6  7 |
---------------+----------------------+-----
Axes           | 2 3 4 |  4.8
Shields        | 4 5 |  5.5
Fighting       | 4 |  4.6
Armour         | 4 5 |  5.1
Dodging        | 1 |  1.0

Action                   |  1- 3 |  4- 6 |  7- 9 || total
-------------------------+-------+-------+-------++-------
Melee: War axe           |    68 |   280 |    49 ||   397
  Use: Potion            |       |     1 |       ||     1
  Eat: Chunk             |     1 |     7 |     3 ||    11
Armor: Scale mail        |    35 |   176 |    42 ||   253
Dodge: Dodged            |    23 |   126 |    24 ||   173
Block: Shield            |    33 |   182 |    27 ||   242
